 Dungeon Crawl Stone Soup version 0.30-a0-424-g7412bad402 (webtiles) character file.

Game seed: 17586523272327890589

17428 Inus the Arsonist (level 12, -10/49 HPs)
             Began as a Felid Venom Mage on Dec 9, 2022.
             Was an Initiate of Gozag.
             Succumbed to an emperor scorpion's poison
             ... on level 1 of the Spider Nest on Dec 10, 2022.
             The game lasted 01:26:20 (23947 turns).

Inus the Arsonist (Felid Venom Mage)               Turns: 23947, Time: 01:26:22

Health: -10/49     AC:  3    Str:  7    XL:     12   Next: 18%
Magic:  2/27       EV: 21    Int: 27    God:    Gozag
Gold:   4943       SH:  0    Dex: 16    Spells: 2/31 levels left
                                        Lives:  0   Deaths: 4

rFire   + + .      SeeInvis +    (weapon unavailable)
rCold   . . .      Faith    .    (shield unavailable)
rNeg    . . .      Spirit   .    (body armour unavailable)
rPois   .          Reflect  .    (helmet unavailable)
rElec   .          Harm     .    (cloak unavailable)
rCorr   .          Rampage  .    (gloves unavailable)
Will    +....                    (boots unavailable)
Stlth   ++++......               f - amulet of the acrobat
HPRegen 0.28/turn                j - +6 ring of intelligence
MPRegen 0.20/turn                E - ring of fire

@: lethally poisoned (-10 -> -77), gold aura, quick
A: very small, claws 1, fangs 3, see invisible, speed 1, shaggy fur 3, stealthy
paws, no weapons or thrown items, no armour, multi-lived, clever 1, fire
resistance 1
a: Renounce Religion, Potion Petition, Call Merchant, Bribe Branch


You were on level 1 of the Spider Nest.
You worshipped Gozag.
Gozag was most pleased with you.
You visited 6 branches of the dungeon, and saw 22 of its levels.

You collected 5684 gold pieces.
You spent 660 gold pieces at shops.
You paid 81 gold pieces to Gozag.

Inventory:

Jewellery
 a - a +6 ring of strength
 f - an amulet of the acrobat (around neck)
 j - a +6 ring of intelligence (left paw)
 o - a ring of flight
 y - a +6 ring of intelligence
 A - a ring of ice
 E - a ring of fire (right paw)
Wands
 i - a wand of acid (6)
 u - a wand of flame (16)
 B - a wand of polymorph (1)
Scrolls
 b - 4 scrolls of amnesia
 c - 2 scrolls of immolation
 g - 2 scrolls of butterflies
 l - 9 scrolls of identify
 m - a scroll of silence
 s - 3 scrolls of noise
 t - 5 scrolls of poison
 v - 7 scrolls of teleportation
 F - a scroll of magic mapping
Potions
 d - 3 potions of mutation
 e - 10 potions of curing
 h - 5 potions of attraction
 k - 4 potions of berserk rage
 n - 3 potions of degeneration
 p - 2 potions of flight
 q - 2 potions of ambrosia
 r - 3 potions of heal wounds
 z - 2 potions of might
 D - a potion of brilliance
Miscellaneous
 x - a lightning rod (4/4)
 C - a phantom mirror (inert)


   Skills:
 - Level 4.0 Fighting
 - Level 8.1 Dodging
 - Level 8.1 Stealth
 - Level 10.4 Spellcasting
 - Level 4.0 Conjurations
 + Level 9.0 Transmutations
 - Level 13.0 Fire Magic
 - Level 1.3 Air Magic
 - Level 12.1 Poison Magic


You had 2 spell levels left.
You knew the following spells:

 Your Spells              Type           Power      Damage    Failure   Level
a - Sting                 Tmut/Pois      100%       1d8       1%          1
b - Poisonous Vapours     Pois/Air       100%       N/A       1%          2
c - Mephitic Cloud        Conj/Pois/Air  45%        N/A       1%          3
d - Olgreb's Toxic Radia  Pois           68%        N/A       1%          4
e - Ignite Poison         Fire/Tmut/Pois 85%        N/A       1%          3
f - Scorch                Fire           100%       2d10      1%          2
g - Sticky Flame          Conj/Fire      74%        2d9       1%          4
h - Flame Wave            Conj/Fire      74%        2d16      1%          4
i - Eringya's Noxious Bo  Tmut/Pois      31%        N/A       9%          6

Your spell library contained the following spells:

 Spells                   Type           Power      Damage    Failure   Level
 Shock                    Conj/Air       100%       1d9       1%          1
 Wereblood                Tmut           58%        N/A       1%          2
 Sublimation of Blood     Necr           14%        N/A       6%          2
 Kindle Blastsparks       Fire/Tloc/Air  100%       2d18      1%          3
 Stone Arrow              Conj/Erth      48%        3d10      5%          3
 Swiftness                Air            21%        N/A       8%          3
 Ozocubu's Armour         Ice            14%        N/A       12%         3
 Airstrike                Air            10%        2d(2-18)  24%         4
 Freezing Cloud           Conj/Ice/Air   11%        6-21      50%         5
 Borgnjor's Vile Clutch   Necr/Erth      7%         N/A       75%         5
 Metabolic Englaciation   Hex/Ice        7%         N/A       75%         5
 Ignition                 Fire           45%        3d13      78%         8
 Death Channel            Necr           7%         N/A       99%         6
 Summon Cactus Giant      Summ           7%         N/A       99%         6
 Summon Hydra             Summ           7%         N/A       100%        7
 Lehudib's Crystal Spear  Conj/Erth      12%        10d4      100%        8
 Polar Vortex             Ice            7%         N/A       100%        9
 Animate Armour           Summ/Erth      Unusable   N/A       N/A         4
 Animate Dead             Necr           Unusable   N/A       N/A         4
 Simulacrum               Ice/Necr       Unusable   N/A       N/A         6

Dungeon Overview and Level Annotations

Branches:
Dungeon (12/15)            Temple (1/1) D:5            Lair (5/5) D:9
 Shoals (1/4) Lair:2       Spider (1/4) Lair:2        Slime (0/5) Lair:4
    Orc (2/2) D:10            Elf (0/3) Orc:2

Altars:
Ashenzari
Cheibriados
Dithmenos
Elyvilon
Fedhas
Gozag
Hepliaklqana
Makhleb
Okawaru
Qazlal
Ru
Sif Muna
Trog
Uskayaw
Vehumet
Wu Jian
Xom
Yredelemnul
Zin
The Shining One
Jiyva

Shops:
D:1 (![   D:4 =   Orc:2 :

Annotations:
D:3 2 runed translucent doors, Juicyj's ghost, amateur GnWn
D:9 2 transporters
Lair:4 1 runed translucent door
Lair:5 Urug
Shoals:1 Roxanne
Orc:2 Donald


Innate Abilities, Weirdness & Mutations

You have sharp claws.
You have razor-sharp teeth.
You have supernaturally acute eyesight. (SInv)
You cover ground quickly. (Speed+)
Your thick and shaggy fur keeps you warm. (AC +3, rC+)
Your paws help you pounce on unaware monsters.
You are incapable of wielding weapons or throwing items.
You cannot wear armour.
You gain extra lives every three experience levels.
Your mind is acute. (Int +4, Str/Dex -1)
Your flesh is heat resistant. (rF+)


Message History

Confirm with . or Enter, or press ? or * to list all spells.
You feel a surge of power!
Flames lash the emperor scorpion but do no damage.
The emperor scorpion barely misses you. The emperor scorpion claws you.
The emperor scorpion claws you but does no damage.
Casting: Scorch (safe; 1% risk of failure)
Confirm with . or Enter, or press ? or * to list all spells.
You feel a surge of power!
Flames lash the emperor scorpion but do no damage.
The emperor scorpion stings you.
You are lethally poisoned!
The emperor scorpion poisons you!
The emperor scorpion closely misses you.
The emperor scorpion claws you but does no damage.
Casting: Scorch (safe; 1% risk of failure)
Confirm with . or Enter, or press ? or * to list all spells.
You feel a surge of power!
Flames lash the emperor scorpion.
The emperor scorpion is almost dead.
The emperor scorpion's fire resistance burns away.
You feel extremely sick. The emperor scorpion stings you!
* * * LOW HITPOINT WARNING * * *
You are more poisoned.
The emperor scorpion poisons you!
The emperor scorpion completely misses you.
The emperor scorpion closely misses you.
Casting: Scorch (safe; 1% risk of failure)
Confirm with . or Enter, or press ? or * to list all spells.
Okay, then.
Casting: Scorch (safe; 1% risk of failure)
Confirm with . or Enter, or press ? or * to list all spells.
Aiming: Sticky Flame (dangerous; 1% risk of failure)
Press: ? - help, Shift-Dir - straight line, f - emperor scorpion
Aim: an emperor scorpion (almost dead, more vulnerable to fire)
You feel a surge of power!
The sticky flame hits the emperor scorpion!
The emperor scorpion is burned terribly!
You kill the emperor scorpion!
You die...
Your body crumbles into a pile of gold.

# #....##...##.....#
≈## #.......#.....#
#~##### #..#..#...#..##
~#.#..###....##...##..#
.#...##.......#....^.^#
............####...#..#
...#....#..######..####
....#......#.#......<.#
#.#.#.##.###....@.^...#
############...$.##...#
#.# ##.......#.####...#
..###...##...### ##..#
..##....#...## ####
.>.##.s.....#
...........##
.#....#.....#
#...#^#######


There were no monsters in sight!

Vanquished Creatures
  Kirke (D:12)
  An emperor scorpion (Spider:1)
  An entropy weaver (Spider:1)
  Harold (Orc:1)
  4 ogre magi (Orc:2)
  Erolcha (D:9)
  A radroach (Spider:1)
  A centaur warrior (D:8)
  13 two-headed ogres
  3 boulder beetles
  Nergalle (Lair:2)
  An orb spider (Spider:1)
  2 wizards
  A lindwurm (Lair:4)
  A deep elf pyromancer (D:12)
  A wolf spider (Spider:1)
  An orc sorcerer (Orc:1)
  4 cyclopes
  10 elephants
  Maurice (D:9)
  A black mamba (Lair:4)
  2 torpor snails (Spider:1)
  4 cane toads
  2 rime drakes (Lair:4)
  An unseen horror (D:12)
  A komodo dragon (Lair:1)
  A kobold demonologist (D:10)
  2 demonic crawlers
  A troll (D:11)
  A meliai (Lair:2)
  3 polar bears
  6 tarantellas (Spider:1)
  3 hornets
  17 blink frogs
  Prince Ribbit (D:9)
  2 slime creatures (D:12)
  2 jumping spiders (Spider:1)
  2 wraiths (D:11)
  6 culicivoras
  4 hogs (D:12)
  26 yaks
  5 basilisks
  7 wyverns
  A redback (Spider:1)
  A steam dragon (D:7)
  15 water moccasins
  3 sky beasts
  An ice beast (D:7)
  2 black bears
  7 orc warriors
  3 centaurs
  24 ogres
  19 wolves
  A phantom (D:6)
  2 necrophages (D:5)
  3 bullfrogs
  4 scorpions
  12 wights
  12 killer bees
  5 howler monkeys
  10 orc priests
  5 hounds
  A jelly (D:7)
  Ijyb (D:4)
  4 iguanas
  16 orc wizards
  Robin (D:4)
  10 gnolls
  13 adders
  A shadow imp (D:5)
  2 white imps
  3 dart slugs
  42 orcs
  4 ball pythons
  6 endoplasms
  2 giant cockroaches
  13 goblins
  16 hobgoblins
  4 jackals
  3 quokkas
  3 bats (D:1)
  3 frilled lizards
  4 kobolds
  7 rats
439 creatures vanquished.

Vanquished Creatures (others)
  10 fungi
  12 plants
22 creatures vanquished.

Grand Total: 461 creatures vanquished

Notes
Turn   | Place    | Note
-------+----------+-------------------------------------------
     0 | D:1      | Inus the Felid Venom Mage began the quest for the Orb.
     0 | D:1      | Reached XP level 1. HP: 7/7 MP: 4/4
    10 | D:1      | Found Moluamapn's Distillery.
   150 | D:1      | Found Utecaydgh's Antique Weapon Shop.
   320 | D:1      | Reached XP level 2. HP: 11/11 MP: 3/6
   352 | D:1      | Found Fufama's Distillery.
   516 | D:1      | Found Kuecapt's Antique Armour Shoppe.
   692 | D:1      | Reached XP level 3. HP: 14/14 MP: 7/7
   867 | D:1      | Learned a level 2 spell: Poisonous Vapours
   871 | D:1      | Learned a level 3 spell: Mephitic Cloud
  1068 | D:2      | Found the +4 robe of Augmentation {Str+4 Int+4 Dex+4}
  1647 | D:3      | Found a sacrificial altar of Ru.
  1818 | D:3      | Reached XP level 4. HP: 1/18 MP: 1/9
  1917 | D:3      | Reached skill level 1 in Conjurations
  1917 | D:3      | Reached skill level 1 in Air Magic
  2014 | D:3      | Found a white marble altar of Elyvilon.
  2248 | D:3      | Found a large runed translucent door.
  2248 | D:3      | Found a large runed translucent door.
  2253 | D:3      | Noticed Juicyj's ghost (amateur GnWn)
  2340 | D:3      | Reached XP level 5. HP: 21/21 MP: 3/10
  2772 | D:3      | Identified a scroll of acquirement
  2772 | D:3      | Acquired 909 gold pieces
  2827 | D:1      | Bought a potion of heal wounds for 50 gold pieces
  2827 | D:1      | Bought a potion of might for 40 gold pieces
  2827 | D:1      | Bought a potion of brilliance for 40 gold pieces
  2827 | D:1      | Bought a potion of degeneration for 10 gold pieces
  2852 | D:1      | Bought a potion of curing for 30 gold pieces
  2852 | D:1      | Bought a potion of might for 40 gold pieces
  2852 | D:1      | Bought a potion of berserk rage for 50 gold pieces
  2852 | D:1      | Bought a potion of flight for 30 gold pieces
  2852 | D:1      | Bought a potion of ambrosia for 80 gold pieces
  2852 | D:1      | Bought a potion of heal wounds for 50 gold pieces
  2852 | D:1      | Bought a potion of mutation for 80 gold pieces
  2877 | D:1      | Bought a potion of magic for 80 gold pieces
  2877 | D:1      | Bought a potion of mutation for 80 gold pieces
  2877 | D:1      | Gained mutation: You are frail. (-10% HP) [potion of
                  | mutation]
  2877 | D:1      | Gained mutation: Your muscles are strong. (Str +4, Int/Dex
                  | -1) [potion of mutation]
  2877 | D:1      | Gained mutation: Your spells are a little harder to cast,
                  | but a little more powerful. [potion of mutation]
  2878 | D:1      | Lost mutation: Your muscles are strong. (Str +4, Int/Dex
                  | -1) [potion of mutation]
  2878 | D:1      | Lost mutation: You are frail. (-10% HP) [potion of
                  | mutation]
  2878 | D:1      | Lost mutation: Your spells are a little harder to cast, but
                  | a little more powerful. [potion of mutation]
  2878 | D:1      | Gained mutation: Your mind is acute. (Int +4, Str/Dex -1)
                  | [potion of mutation]
  2878 | D:1      | Gained mutation: Your flesh is heat resistant. (rF+)
                  | [potion of mutation]
  2925 | D:2      | Learned a level 4 spell: Olgreb's Toxic Radiance
  3268 | D:4      | Noticed Robin
  3500 | D:4      | Killed Robin
  3571 | D:4      | Gained mutation: You are covered in thick fur. (AC +2)
                  | [Felid growth]
  3571 | D:4      | Reached XP level 6. HP: 19/24 MP: 2/11
  3808 | D:4      | Reached skill level 5 in Stealth
  3907 | D:4      | Found Utomyd's Jewellery Shoppe.
  4031 | D:4      | Reached skill level 5 in Dodging
  4425 | D:4      | Noticed Ijyb
  4441 | D:4      | Killed Ijyb
  4613 | D:4      | Reached XP level 7. HP: 27/27 MP: 12/12
  4615 | D:4      | Reached skill level 5 in Poison Magic
  4754 | D:4      | Found a snail-covered altar of Cheibriados.
  4889 | D:5      | Entered Level 5 of the Dungeon
  4891 | D:5      | Found a staircase to the Ecumenical Temple.
  4991 | Temple   | Entered the Ecumenical Temple
  5100 | Temple   | Became a worshipper of Gozag Ym Sagoz the Greedy
  5250 | D:5      | Noticed a wyvern
  5265 | D:5      | Killed a wyvern
  5535 | D:5      | Reached XP level 8. HP: 28/31 MP: 10/13
  6343 | D:5      | Learned a level 3 spell: Ignite Poison
  6607 | D:6      | Learned a level 2 spell: Scorch
  6857 | D:6      | Reached skill level 1 in Fire Magic
  6869 | D:6      | Reached skill level 2 in Fire Magic
  7058 | D:6      | Reached skill level 3 in Fire Magic
  7109 | D:6      | Found an iron altar of Okawaru.
  7158 | D:6      | Noticed a hornet
  7161 | D:6      | Killed a hornet
  7162 | D:6      | Reached skill level 4 in Fire Magic
  7453 | D:6      | Reached skill level 5 in Fire Magic
  7453 | D:6      | Reached XP level 9. HP: 34/34 MP: 8/16
  9112 | D:8      | Noticed a centaur warrior
  9119 | D:8      | Killed a centaur warrior
  9120 | D:8      | Reached skill level 10 in Poison Magic
  9562 | D:9      | Reached XP level 10. HP: 37/37 MP: 4/17
  9719 | D:9      | Noticed an elephant
  9724 | D:9      | Killed an elephant
  9849 | D:9      | Found a staircase to the Lair.
 10031 | D:9      | Found a hazy altar of Hepliaklqana.
 10033 | D:9      | Noticed Erolcha
 10036 | D:9      | Killed Erolcha
 10149 | D:9      | Noticed Maurice
 10171 | D:9      | Killed Maurice
 10380 | D:9      | Found a blossoming altar of Fedhas.
 10439 | D:9      | Noticed Prince Ribbit
 10446 | D:9      | Killed Prince Ribbit
 10560 | D:9      | Found a transporter.
 10771 | D:9      | Found a transporter.
 10816 | D:9      | Noticed a two-headed ogre
 11114 | D:10     | Entered Level 10 of the Dungeon
 11386 | D:10     | Reached XP level 11. HP: 40/40 MP: 10/18
 11497 | D:10     | Found a staircase to the Orcish Mines.
 11700 | D:10     | Noticed a two-headed ogre
 11704 | D:10     | Killed a two-headed ogre
 11705 | D:10     | Reached skill level 6 in Fire Magic
 12095 | D:11     | Noticed a boulder beetle
 12100 | D:11     | Killed a boulder beetle
 12216 | Lair:1   | Entered Level 1 of the Lair of Beasts
 12225 | Lair:1   | Reached skill level 7 in Fire Magic
 12505 | Lair:1   | Slain by a cane toad
 12506 | Lair:1   | Reached XP level 10. HP: -4/37 MP: 1/17
 12569 | Lair:1   | Killed a cane toad
 12570 | Lair:1   | Reached skill level 8 in Fire Magic
 13008 | Lair:1   | Reached skill level 9 in Fire Magic
 13105 | Lair:1   | Noticed an elephant
 13107 | Lair:1   | Noticed an elephant
 13110 | Lair:1   | Killed an elephant
 13111 | Lair:1   | Killed an elephant
 13112 | Lair:1   | Reached XP level 11. HP: 40/40 MP: 4/18
 13145 | Lair:1   | Noticed a boulder beetle
 13161 | Lair:1   | Killed a boulder beetle
 13240 | Lair:1   | Reached skill level 10 in Fire Magic
 14056 | Lair:2   | Reached skill level 11 in Fire Magic
 14137 | Lair:2   | Found a staircase to the Shoals.
 14163 | Lair:2   | Noticed Nergalle
 14167 | Lair:2   | Killed Nergalle
 14586 | Lair:2   | Found a hole to the Spider Nest.
 15351 | Lair:3   | Reached skill level 12 in Fire Magic
 15368 | Lair:3   | Succumbed to a cane toad's poison
 15369 | Lair:3   | Reached XP level 10. HP: -2/37 MP: 14/17
 15702 | Lair:3   | Killed a cane toad
 15717 | Lair:3   | Acquired 533 gold pieces
 15951 | Lair:4   | Reached skill level 1 in Fighting
 15953 | Lair:4   | Reached XP level 11. HP: 42/42 MP: 5/18
 16284 | Lair:4   | Found a runed translucent door.
 16284 | Lair:4   | Found a viscous altar of Jiyva.
 16285 | Lair:4   | Found a staircase to the Slime Pits.
 16413 | Lair:4   | Reached skill level 5 in Spellcasting
 16746 | Lair:4   | Noticed a lindwurm
 16749 | Lair:4   | Killed a lindwurm
 17785 | Lair:5   | Entered Level 5 of the Lair of Beasts
 17921 | Lair:4   | Learned a level 4 spell: Sticky Flame
 17926 | Lair:4   | Learned a level 4 spell: Flame Wave
 17945 | Lair:5   | Noticed Urug
 18098 | Orc:1    | Entered Level 1 of the Orcish Mines
 18098 | Orc:1    | Noticed Harold
 18098 | Orc:1    | Noticed an orc sorcerer
 18100 | Orc:1    | Killed an orc sorcerer
 18101 | Orc:1    | Gained mutation: Your thick and shaggy fur keeps you warm.
                  | (AC +3, rC+) [Felid growth]
 18101 | Orc:1    | Reached XP level 12. HP: 49/49 MP: 15/23
 18103 | Orc:1    | Killed Harold
 18349 | Orc:2    | Entered Level 2 of the Orcish Mines
 18486 | Orc:2    | Found Huxtovik's Vocational Training.
 19136 | Orc:2    | Noticed a two-headed ogre
 19136 | Orc:2    | Noticed an ogre mage
 19136 | Orc:2    | Noticed a two-headed ogre
 19137 | Orc:2    | Noticed an ogre mage
 19137 | Orc:2    | Noticed a two-headed ogre
 19138 | Orc:2    | Killed a two-headed ogre
 19138 | Orc:2    | Noticed a two-headed ogre
 19139 | Orc:2    | Noticed a two-headed ogre
 19139 | Orc:2    | Noticed an ogre mage
 19139 | Orc:2    | Noticed a two-headed ogre
 19140 | Orc:2    | Noticed a two-headed ogre
 19141 | Orc:2    | Noticed a two-headed ogre
 19146 | Orc:2    | Killed a two-headed ogre
 19312 | Orc:2    | Killed a two-headed ogre
 19322 | Orc:2    | Killed an ogre mage
 19354 | Orc:2    | Killed an ogre mage
 19462 | Orc:2    | Killed a two-headed ogre
 19509 | Orc:2    | Noticed a two-headed ogre
 19511 | Orc:2    | Killed a two-headed ogre
 19579 | Orc:2    | Killed an ogre mage
 19705 | Orc:2    | Killed a two-headed ogre
 19806 | Orc:2    | Killed a two-headed ogre
 19909 | Orc:2    | Noticed an ogre mage
 19914 | Orc:2    | Killed an ogre mage
 19915 | Orc:2    | Reached skill level 10 in Spellcasting
 20153 | Orc:2    | Killed a two-headed ogre
 20255 | Orc:2    | Noticed Donald
 20332 | Orc:2    | Noticed a two-headed ogre
 20338 | Orc:2    | Killed a two-headed ogre
 20390 | Orc:2    | Demolished by Donald
 20391 | Orc:2    | Reached XP level 11. HP: -20/46 MP: 8/26
 20391 | Orc:2    | Noticed a two-headed ogre
 20401 | Orc:2    | Killed a two-headed ogre
 20402 | Orc:2    | Reached XP level 12. HP: 49/49 MP: 17/27
 20415 | Orc:2    | Found a staircase to the Elven Halls.
 20480 | Orc:2    | Noticed a two-headed ogre
 20486 | Orc:2    | Killed a two-headed ogre
 20565 | Orc:2    | Noticed a two-headed ogre
 20620 | Orc:2    | Killed a two-headed ogre
 21234 | D:11     | Got the Exposition on Dislocation and Filth
 21242 | D:11     | Learned a level 6 spell: Eringya's Noxious Bog
 21430 | D:11     | Reached skill level 13 in Fire Magic
 21872 | D:12     | Reached skill level 5 in Transmutations
 21982 | D:12     | Noticed a boulder beetle
 21987 | D:12     | Killed a boulder beetle
 22096 | D:12     | Noticed Kirke
 22255 | D:12     | Killed Kirke
 22548 | Spider:1 | Entered Level 1 of the Spider Nest
 22592 | Shoals:1 | Entered Level 1 of the Shoals
 22592 | Shoals:1 | Identified Roxanne's Verses on the Mountains
 22592 | Shoals:1 | Noticed Roxanne
 23232 | Spider:1 | Noticed an entropy weaver
 23239 | Spider:1 | Killed an entropy weaver
 23240 | Spider:1 | Reached XP level 13. HP: 52/52 MP: 10/28
 23380 | Spider:1 | Identified the +1 cloak "Cachasha" {rPois rN+++ Stlth-}
 23680 | Spider:1 | Annihilated by a culicivora
 23681 | Spider:1 | Reached XP level 12. HP: -22/49 MP: 17/27
 23695 | Spider:1 | Noticed an entropy weaver
 23852 | Spider:1 | Noticed an emperor scorpion
 23947 | Spider:1 | Killed an emperor scorpion
 23947 | Spider:1 | Succumbed to an emperor scorpion's poison

Illustrated notes

Levels and vault maps discovered:
D:1:      spicycebolla_green_bress_n_ham_2, layout_rooms, serial_shops,
          nicolae_shop_hallway_stairs, shop_fountains, nicolae_diamond_shop,
          shop, minmay_misc_feat_roman, chequers_serial_rivers_room_b,
          supply_closet_lemuel
D:2:      layout_rooms, minmay_misc_feat_ornament
D:3:      layout_loops_ring, mainiacjoe_overflow_alcove_2,
          nicolae_ru_the_path_less_chosen, ebering_ghost_disaster_area,
          minmay_misc_feat_rugged, kennysheep_generic_room_4
D:4:      minmay_opposing_rooms, layout_basic, nicolae_overflow_hidden_temple,
          serial_shops, shop, kennysheep_pointless_box, uniq_ijyb, uniq_robin
D:5:      layout_basic, minmay_temple_entry_junction
D:6:      layout_basic, mainiacjoe_overflow_small_starburst, dk_noncrumbling_2
D:7:      nicolae_BIG_FREAKIN_CUBE, layout_basic
D:8:      layout_rooms
D:9:      gammafunk_beogh_shrine, layout_irregular_city,
          mainiacjoe_overflow_concentric_impassable, lemuel_tele_altar,
          david_lair_generic, nicolae_straight_to_the_point, uniq_erolcha,
          uniq_maurice, uniq_prince_ribbit1
D:10:     layout_roguey, orc_0_dummy, due_unseen_surprise
D:11:     cheibrodos_wizards_tower, layout_rooms
D:12:     minmay_swirls_squares, layout_gridville, lemuel_flame_loot_1,
          uniq_kirke
Temple:   eino_temple_scatter_basement
Lair:1:   layout_chaotic_city, cheibrodos_lair_reptile_den, grunt_megastairs_5
Lair:2:   layout_misc_corridors, shoals_dummy_entry,
          hellmonk_spider_entry_not_the_bees, beast_lair_carwin_2, uniq_nergalle
Lair:3:   layout_cellular_growth
Lair:4:   layout_cave_pods, slime_entry_2
Lair:5:   guppyfry_lair_end_dragon, layout_small_grid, wormcave,
          grunt_forest_large_clearing_hut, uniq_urug, uniq_rupert, uniq_sonja
Shoals:1: layout_shoals, nicolae_shoals_raging_river, uniq_roxanne
Spider:1: layout_spider_delve, nicolae_spider_acid_house,
          hangedman_spider_tarantella_strand
Orc:1:    layout_caves, basic_altar, uniq_harold
Orc:2:    st_orc_ogre_mass, layout_diamond_mine, nicolae_shop_vocational,
          uniq_donald

Skill      XL: |  1  2  3  4  5  6  7  8  9 10 11 12 |
---------------+-------------------------------------+-----
Dodging        | 3 4 5 8 |  8.1
Stealth        | 3 4 5 8 |  8.1
Poison Magic   | 3 4 7 10 12 | 12.1
Transmutations | 2 3 9 |  9.0
Spellcasting   | 3 4 7 10 | 10.4
Conjurations   | 1 2 4 |  4.0
Air Magic      | 1 |  1.3
Fire Magic     | 5 9 12 13 | 13.0
Fighting       | 1 4 |  4.0

Action                   |  1- 3 |  4- 6 |  7- 9 | 10-12 | 13-15 || total
-------------------------+-------+-------+-------+-------+-------++-------
Melee: Unarmed           |    35 |    48 |    67 |    18 |       ||   168
       Punch             |     2 |       |       |     1 |       ||     3
       Bite              |     4 |     3 |     2 |     2 |       ||    11
 Cast: Sting             |    45 |    63 |    39 |     2 |       ||   149
       Poisonous Vapours |     5 |    26 |    33 |    84 |       ||   148
       Olgreb's Toxic Ra |       |     4 |     5 |    96 |     6 ||   111
       Ignite Poison     |       |       |    13 |   162 |     7 ||   182
       Scorch            |       |       |    18 |   132 |     3 ||   153
       Eringya's Noxious |       |       |       |     4 |       ||     4
       Sticky Flame      |       |       |       |     3 |     1 ||     4
Evoke: Wand              |       |     3 |    27 |    32 |     1 ||    63
       Phantom mirror    |       |       |       |     2 |       ||     2
  Use: Scroll            |     5 |     7 |     3 |    11 |       ||    26
       Potion            |     3 |     8 |     6 |     5 |       ||    22
 Stab: Sleeping          |     8 |     3 |     3 |     1 |       ||    15
       Paralysed         |       |       |       |     6 |       ||     6
Armor: Skin              |     4 |     1 |     4 |     7 |       ||    16
Dodge: Dodged            |    29 |    50 |    62 |   101 |    10 ||   252

Table legend: (Time is in decaauts)
 A = Elapsed time spent in this place.
 B = Non-inter-level travel time spent in this place.
 C = Inter-level travel time spent in this place.
 D = Time resting spent in this place.
 E = Time spent auto-exploring this place.
 F = Levels seen in this place.
 G = Mean time per level.
                   A        B        C        D        E       F      G
               +--------+--------+--------+--------+--------+-----+--------+
         Total |  21362 |  20105 |   1257 |   2460 |  14484 |  22 |  971.0 |
       Dungeon |  12433 |  11571 |    862 |   1029 |   8631 |  12 | 1036.1 |
        Temple |    107 |     83 |     24 |      0 |     70 |   1 |  107.0 |
          Lair |   5524 |   5179 |    345 |    365 |   4281 |   5 | 1104.8 |
        Shoals |      1 |      1 |      0 |      0 |      0 |   1 |    1.0 |
   Spider Nest |    963 |    963 |      0 |    380 |    346 |   1 |  963.0 |
  Orcish Mines |   2331 |   2307 |     24 |    685 |   1155 |   2 | 1165.5 |
               +--------+--------+--------+--------+--------+-----+--------+

Top non-repeatable levels by time:
   Orc:2: 1811 daAuts
  Lair:4: 1730 daAuts
     D:9: 1631 daAuts
  Lair:1: 1571 daAuts
     D:3: 1529 daAuts
     D:4: 1298 daAuts
  Lair:2: 1201 daAuts
    D:10: 1154 daAuts
     D:6: 1133 daAuts
     D:5: 1118 daAuts
  Lair:3: 1006 daAuts
     D:1: 964 daAuts
Spider:1: 963 daAuts
     D:7: 889 daAuts
    D:12: 778 daAuts
